 Dungeon Crawl Stone Soup version 0.27.0-1-g7a089689b8 (webtiles) character file.

Game seed: 13434587490593743176

33 mandarbmax the Ruffian (level 3, -6/29 HPs)
             Began as a Ghoul Gladiator on Aug 7, 2021.
             Mangled by Sigmund (7 damage)
             ... on level 2 of the Dungeon.
             The game lasted 00:02:32 (1463 turns).

mandarbmax the Ruffian (Ghoul Gladiator)            Turns: 1463, Time: 00:02:32

Health: -6/29      AC:  7    Str: 18    XL:     3   Next: 29%
Magic:  2/2        EV: 11    Int:  3    God:
Gold:   32         SH:  0    Dex: 10    Spells: 2/2 levels left

rFire    . . .     SeeInvis .     - Unarmed
rCold    + . .     Faith    .   (no shield)
rNeg     + + +     Spirit   .   g - +0 ring mail
rPois    ∞         Reflect  .   b - +0 helmet
rElec    .         Harm     .   (no cloak)
rCorr    .         Rampage  .   f - +0 pair of gloves {Stlth+}
Will     .....                  (no boots)
Stlth    +.........             (no amulet)
HPRegen  0.00/turn              (no ring)
MPRegen  0.08/turn              (no ring)

@: inhibited regen
A: claws 1, cold resistance 1, negative energy resistance 3, inhibited
regeneration, torment resistance 2
a: no special abilities


You were on level 2 of the Dungeon.
You visited 1 branch of the dungeon, and saw 2 of its levels.

You collected 32 gold pieces.

Inventory:

Armour
 b - a +0 helmet (worn)
 f - a +0 pair of gloves of stealth (worn)
 g - a +0 ring mail (worn)
Scrolls
 e - a scroll of identify


   Skills:
 - Level 2.1 Fighting
 - Level 1.7 Throwing
 + Level 2.9 Dodging
 + Level 4.5 Unarmed Combat


You had 2 spell levels left.
You didn't know any spells.
Your spell library was empty.

Dungeon Overview and Level Annotations

Branches:
Dungeon (2/15)

Altars:

Annotations:
D:2 Sigmund


Innate Abilities, Weirdness & Mutations

You thrive by killing the living.
You are immune to poison.
You have sharp fingernails.
Your flesh is cold resistant. (rC+)
You are immune to negative energy. (rN+++)
You do not regenerate when monsters are visible.
You are immune to unholy pain and torment.


Message History

Sigmund gestures at you while chanting. You resist with significant effort.
Sigmund struggles against the net.
You hit Sigmund but do no damage. You punch Sigmund!
Sigmund is moderately wounded.
Sigmund struggles against the net.
You hit Sigmund but do no damage.
Sigmund is moderately wounded.
Sigmund struggles against the net.
You hit Sigmund but do no damage.
Sigmund is moderately wounded.
Sigmund casts a spell.
Sigmund flickers and vanishes!
Deactivating autopickup; reactivate with Ctrl-A.
Something wriggles in the net.
All of a sudden the net rips apart!
You miss something. You hit something but do no damage.
You hear some strange, mumbled words.
You are confused.
You bump into the rock wall.
Something hits you!
You bump into the rock wall.
Something hits you!
You closely miss something. Something hits you!
* * * LOW HITPOINT WARNING * * *
You aren't carrying any potions.
Non-targeted confused throw: 2 throwing nets
Press: ? - help, Q - select action Dir - look around, f - activate You throw a throwing net.
Something hits you but does no damage.
Non-targeted confused throw: throwing net
Press: ? - help, Q - select action Dir - look around, f - activate You throw a throwing net.
You hear some strange, mumbled words.
Something tries to affect you, but you resist.
Unknown command.
Unknown command.
You bump into the rock wall.
You feel less confused. Something hits you but does no damage.
Something hits you!
You die...

#....# #....# #....# #....#
#....# #....# +....+
######################!...#
.........<(.....@.{.)'÷...+
######################..(.#
..###.<..# #........#
....#####.# .#
#.....###.##.#
#......(...#.# #
...####..#.# #@...#+##


There were no monsters in sight!

Vanquished Creatures
  An adder (D:2)
  2 ball pythons (D:1)
  An endoplasm (D:1)
  4 goblins
  2 hobgoblins (D:1)
  4 quokkas
  3 frilled lizards (D:1)
  4 kobolds (D:1)
  2 rats (D:1)
23 creatures vanquished.

Notes
Turn   | Place    | Note
-------+----------+-------------------------------------------
     0 | D:1      | mandarbmax the Ghoul Gladiator began the quest for the Orb.
     0 | D:1      | Reached XP level 1. HP: 17/17 MP: 0/0
   279 | D:1      | Reached XP level 2. HP: 21/24 MP: 1/1
   369 | D:1      | Reached skill level 4 in Unarmed Combat
   913 | D:2      | Reached XP level 3. HP: 22/29 MP: 2/2
  1011 | D:2      | Noticed Sigmund
  1060 | D:2      | HP: 1/29 [Sigmund/puff of flame (4)]
  1459 | D:2      | HP: 1/29 [something (10)]
  1463 | D:2      | Mangled by Sigmund

Illustrated notes

Levels and vault maps discovered:
D:1:      minmay_arrival_stair_chambers, layout_basic
D:2:      layout_basic, dreamdust_ecumenical_altar_sealed_demon, uniq_natasha,
          uniq_sigmund

Skill      XL: |  1  2 |
---------------+-------+-----
Unarmed Combat | 4 |  4.5
Fighting       | |  2.1
Throwing       | |  1.7
Dodging        | |  2.9

Action                   || total
-------------------------++-------
Melee: Unarmed           ||    79
Throw: Throwing net      ||     3
  Use: Scroll            ||     1
 Stab: Sleeping          ||     2
       Held in net/web   ||     1
Armor: Leather armour    ||     8
       Ring mail         ||    15
Dodge: Dodged            ||    38
